 Dungeon Crawl Stone Soup version 0.31-a0-233-g139696d (webtiles) character file.

Game seed: 7353464316774550783

113379 lyrin the Markself (level 16, -13/101 HPs)
             Began as a Deep Elf Hunter on July 8, 2023.
             Was the Champion of Fedhas.
             Mangled by an ettin
             ... wielding a +0 dire flail
              (38 damage)
             ... on level 15 of the Dungeon.
             The game lasted 01:01:58 (30736 turns).

lyrin the Markself (Deep Elf Hunter)               Turns: 30736, Time: 01:01:58

Health: -13/101    AC: 20    Str:  8    XL:     16   Next: 13%
Magic:  32/32      EV: 16    Int: 21    God:    Fedhas [******]
Gold:   1602       SH:  0    Dex: 20    Spells: 30/35 levels left

rFire   + . .        y - +5 longbow (flame)
rCold   . . .        (shield currently unavailable)
rNeg    . . .        X - +3 ring mail
rPois   .            c - +2 hat {SInv}
rElec   .            F - +1 cloak
rCorr   .            Q - +1 pair of gloves {infuse}
SInv    +            t - +0 pair of boots
Will    +....        w - amulet of magic regeneration
Stlth   +            U - ring of protection from fire
HPRegen 0.36/turn    D - +4 ring of protection
MPRegen 0.63/turn

%: infuse magic (1 MP)
@: studying Air Magic
A: no striking features
a: Renounce Religion, Wall of Briars, Grow Ballistomycete, Overgrow, Grow Oklob


You were on level 15 of the Dungeon.
You worshipped Fedhas.
Fedhas was exalted by your worship.
You visited 4 branches of the dungeon, and saw 23 of its levels.
You also visited: Bailey, Ice Cave and Volcano.

You collected 2497 gold pieces.
You spent 895 gold pieces at shops.

Inventory:

Hand Weapons
 s - a +3 rapier
 y - a +5 longbow of flaming (weapon)
Missiles
 l - 24 poisoned darts
 N - 12 curare-tipped darts
 O - 4 throwing nets
Armour
 c - a +2 hat of see invisible (worn)
 t - a +0 pair of boots (worn)
 F - a +1 cloak (worn)
 Q - a +1 pair of gloves of infusion (worn)
 X - a +3 ring mail (worn)
Jewellery
 a - a ring of wizardry
 r - a ring of resist corrosion
 w - an amulet of magic regeneration (around neck)
 D - a +4 ring of protection (right hand)
 E - a ring of positive energy
 K - a ring of poison resistance
 R - an amulet of guardian spirit
 U - a ring of protection from fire (left hand)
 V - an amulet of faith
Wands
 m - a wand of acid (5)
 G - a wand of flame (10)
 P - a wand of paralysis (18)
Scrolls
 b - 2 scrolls of butterflies
 e - 3 scrolls of immolation
 f - 5 scrolls of enchant armour
 g - 2 scrolls of fog
 h - 3 scrolls of teleportation
 p - 2 scrolls of blinking
 u - 2 scrolls of poison
 x - 4 scrolls of vulnerability
 z - 4 scrolls of amnesia
 A - a scroll of torment
 I - 3 scrolls of revelation
 J - 5 scrolls of fear
 W - a scroll of silence
Potions
 d - a potion of ambrosia {unknown}
 i - 4 potions of brilliance
 j - 10 potions of heal wounds
 n - 2 potions of experience {unknown}
 o - 8 potions of curing
 q - 7 potions of lignification
 v - 3 potions of mutation {unknown}
 B - a potion of might {unknown}
 C - 4 potions of cancellation
 H - 9 potions of attraction
 L - a potion of resistance {unknown}
 M - 2 potions of enlightenment {unknown}
 S - 7 potions of haste
 T - a potion of magic {unknown}
 Y - 4 potions of degeneration {unknown}
 Z - 3 potions of invisibility
Miscellaneous
 k - a phial of floods


   Skills:
 + Level 12.1 Fighting
 + Level 1.2 Maces & Flails
 - Level 20.0 Ranged Weapons
 - Level 1.4 Throwing
 + Level 5.0 Armour
 - Level 11.0 Dodging
 - Level 1.2 Stealth
 - Level 10.0 Spellcasting
 * Level 8.6 Conjurations
 * Level 8.4 Ice Magic
 * Level 10.8 Air Magic
 * Level 10.9 Invocations
 - Level 0.7 Evocations


You had 30 spell levels left.
You knew the following spells:

 Your Spells              Type           Power      Damage    Failure   Level
a - Freezing Cloud        Conj/Ice/Air   24%        6-21      11%         5

Your spell library contained the following spells:

 Spells                   Type           Power      Damage    Failure   Level
 Static Discharge         Conj/Air       100%       2-7/arc   1%          2
 Ozocubu's Armour         Ice            46%        N/A       1%          3
 Airstrike                Air            27%        2d(4-20)  1%          4
 Dazzling Flash           Conj/Hex       56%        N/A       10%         3
 Stone Arrow              Conj/Erth      56%        3d10      10%         3
 Apportation              Tloc           20%        N/A       19%         1
 Necrotise                Necr           40%        1d6       19%         1
 Slow                     Hex            40%        N/A       19%         1
 Summon Lightning Spire   Summ/Air       33%        N/A       19%         4
 Summon Ice Beast         Ice/Summ       28%        N/A       32%         4
 Confusing Touch          Hex            10%        N/A       47%         3
 Ignite Poison            Fire/Tmut/Pois 10%        N/A       47%         3
 Vampiric Draining        Necr           10%        2d6       47%         3
 Silence                  Hex/Air        16%        N/A       47%         5
 Metabolic Englaciation   Hex/Ice        14%        N/A       65%         5
 Animate Armour           Summ/Erth      20%        N/A       87%         4
 Agony                    Necr           10%        N/A       99%         5
 Alistair's Intoxication  Tmut/Pois      6%         N/A       99%         5
 Summon Forest            Summ/Tloc      5%         N/A       99%         5
 Simulacrum               Ice/Necr       14%        N/A       99%         6
 Ozocubu's Refrigeration  Ice            23%        4d12      99%         7
 Eringya's Noxious Bog    Tmut/Pois      5%         4d6       100%        6
 Summon Hydra             Summ           5%         N/A       100%        7
 Lehudib's Crystal Spear  Conj/Erth      14%        10d5      100%        8


Dungeon Overview and Level Annotations

Branches:
Dungeon (15/15)            Temple (1/1) D:7            Lair (5/5) D:11
 Shoals (0/4) Lair:3       Spider (0/4) Lair:2        Slime (0/5) Lair:4
    Orc (2/2) D:12            Elf (0/3) Orc:2        Vaults (0/5) D:14
 Depths (0/4) D:15         Bailey (visited)           IceCv (visited)
Volcano (visited)

Altars:
Ashenzari
Dithmenos
Elyvilon
Fedhas
Gozag
Hepliaklqana
Kikubaaqudgha
Makhleb
Nemelex Xobeh
Qazlal
Ru
Trog
Uskayaw
Vehumet
Wu Jian
Xom
The Shining One
Jiyva

Shops:
D:6 *   D:10 *=   D:15 *[[!   Orc:2 =:[*

Annotations:
D:3 3 runed translucent doors, Dega's ghost, amateur SpHu
D:5 1 runed translucent door, Crazy Yiuf
D:6 2 transporters, hatwer's ghost, novice HuRe
D:10 3 runed translucent doors, LionelHutz's ghost, journeyman DjCj
D:12 1 runed translucent door, cowcow's ghost, journeyman DrEE
D:15 Kasaulac's ghost, adept OpBr


Message History

The frost giant shouts!
You hear two shouts! x2
The two-headed ogre shouts in stereo!
You hear two shouts!
The ettin shouts in stereo!
The two-headed ogre shouts in stereo!
There is a transporter here.
Found a transporter.
The two-headed ogre shouts in stereo!
You see here a +0 flail.
There is a transporter here.
There is a transporter landing site here.
Kasaulac's ghost whispers, "Death is liberation."
There is a transporter landing site here.
There is a transporter here.
You enter the transporter and appear at another place.
There is a transporter here.
You shoot an arrow. The arrow hits the ettin.
The arrow burns the ettin.
The ettin is lightly wounded.
The ettin misses you. The ettin hits you but does no damage.
You shoot an arrow.
The arrow hits the ettin but does no damage.
The ettin is lightly wounded.
The ettin barely misses you. The ettin closely misses you.
Unknown command.
You enter the transporter and appear at another place.
The two-headed ogre hits you with a +0 giant club.
The two-headed ogre barely misses you. The ettin hits you but does no damage.
The ettin misses you. The ettin hits you but does no damage.
The ettin barely misses you. The ettin attacks as you move away!
The ettin hits you with a +0 dire flail!!
The ettin completely misses you.
The two-headed ogre attacks as you move away!
The two-headed ogre hits you with a +0 giant club!!
The two-headed ogre hits you with a +0 giant club!
There is a transporter here.
The ettin attacks as you move away!
The ettin hits you with a +0 dire flail!!
* * * LOW HITPOINT WARNING * * *
The ettin hits you with a +0 dire flail!!!
You die...
Fedhas appreciates your contribution to the ecosystem.

........#.#..#.#...# #..#..#.
.....####.#..#.#...# #..#.#..
.....# #..##.=#©..# #..#....
...### #©....O#...#######....#..
...# #..##OC#©.........(###.##
...# #.#..#W#..######......#..
...# #.#..#.#.O# #......... ...#
#..##..#C.# #....(.#.. ...#
#©....O#@.# #.........
...#############..# #.........
##...............#######.........
#.........#####.............!...
#.........# #.................
#......#### #####.............
######## #.............
#.<....####### ########


You could see a frost giant, an ettin, 4 two-headed ogres and Kasaulac's ghost.

Vanquished Creatures
  Rupert (D:15)
  Gastronok (Lair:2)
  A frost giant (IceCv)
  An orc warlord (Bailey)
  An ettin (D:15)
  A fire dragon (Lair:5)
  6 hydras
  2 catoblepae
  2 centaur warriors
  3 vault guards (D:14)
  3 boulder beetles
  2 ogre magi (Orc:2)
  14 death yaks
  A tengu warrior (D:15)
  13 two-headed ogres
  Urug (Orc:2)
  Amaemon (D:11)
  8 skeletal warriors
  4 skysharks
  2 deep trolls
  A lindwurm (Lair:5)
  A necromancer (D:15)
  An orc knight (Bailey)
  A wizard (D:15)
  3 deep elf pyromancers
  2 orc sorcerers
  4 ugly things
  4 cyclopes
  6 manticores
  5 black mambas
  25 elephants
  A smoke demon (Volcano)
  5 molten gargoyles
  A gargoyle (D:12)
  An ice statue (IceCv)
  11 cane toads
  An orange demon (D:11)
  2 torpor snails
  13 komodo dragons
  2 efreet
  10 rime drakes
  Maggie (D:6)
  2 red devils (Volcano)
  A tengu conjurer (D:14)
  2 kobold demonologists
  2 merfolk (Lair:3)
  7 polar bears
  12 trolls
  Grinder (D:6)
  Prince Ribbit (D:7)
  4 dream sheep (Lair:2)
  3 blink frogs (Lair:5)
  11 slime creatures
  3 wraiths
  3 water elementals (D:15)
  A spriggan (shapeshifter) (D:14)
  6 wyverns
  A shadow (D:10)
  A yak (shapeshifter) (D:14)
  A culicivora (Lair:2)
  7 basilisks
  A vampire (D:13)
  63 yaks
  3 fire bats (Lair:2)
  3 steam dragons
  3 vampire mosquitoes (D:13)
  Menkaure (D:6)
  14 water moccasins
  3 wargs
  Edmund (D:5)
  An acid dragon (D:11)
  A water moccasin (shapeshifter) (D:14)
  8 orc warriors
  A black bear (D:7)
  A sky beast (D:7)
  5 hell hounds
  An ice beast (D:6)
  Duvessa (D:6)
  20 ogres
  2 centaurs
  40 wolves
  4 boggarts
  3 kobold brigands
  3 phantoms
  Blork the orc (D:4)
  15 bullfrogs
  2 gnoll sergeants
  2 scorpions
  Dowan (D:6)
  9 killer bees
  4 electric eels
  9 howler monkeys
  8 lava snakes
  5 jellies
  7 hounds
  8 orc priests
  A gnoll bouda (Orc:2)
  A sleepcap (D:4)
  4 iguanas
  14 orc wizards
  7 hell rats
  13 gnolls
  7 adders
  9 river rats (Lair:1)
  2 shadow imps (D:7)
  3 white imps
  2 ufetubi (D:6)
  A worm (D:3)
  2 dart slugs
  48 orcs
  6 bats
  5 endoplasms
  2 giant cockroaches
  5 hobgoblins
  7 jackals
  32 kobolds
  4 quokkas
  7 ball pythons
  4 frilled lizards
  16 goblins
  10 rats
704 creatures vanquished.

Vanquished Creatures (collateral kills)
  A vault guard (D:14)
  A tengu warrior (D:15)
  Sonja (D:11)
  A deep troll (Orc:1)
  A manticore (D:14)
  2 black mambas (Lair:5)
  2 yaks (D:11)
  A vampire (D:9)
  A water moccasin (Lair:2)
  An orc warrior (Bailey)
  2 wolves (Lair:2)
  A hell rat (Lair:5)
  20 ballistomycete spores
35 creatures vanquished.

Vanquished Creatures (others)
  An oklob plant (Lair:3)
  6 wolves (Lair:3)
  An orc wizard (D:5)
  3 ballistomycete spores
  A fire vortex (Lair:5)
12 creatures vanquished.

Grand Total: 751 creatures vanquished

Notes
Turn   | Place    | Note
-------+----------+-------------------------------------------
     0 | D:1      | lyrin the Deep Elf Hunter began the quest for the Orb.
     0 | D:1      | Reached XP level 1. HP: 12/12 MP: 3/3
   213 | D:1      | Reached XP level 2. HP: 16/16 MP: 4/4
   274 | D:1      | Reached skill level 6 in Ranged Weapons
   580 | D:1      | Reached XP level 3. HP: 17/20 MP: 5/5
   868 | D:2      | Reached skill level 7 in Ranged Weapons
  1099 | D:2      | Reached XP level 4. HP: 23/26 MP: 6/6
  1703 | D:3      | Noticed Dega's ghost (amateur SpHu)
  1971 | D:3      | Found a runed translucent gate.
  1971 | D:3      | Found a runed translucent gate.
  1971 | D:3      | Found a runed translucent gate.
  2116 | D:3      | Found a faded altar of an unknown god.
  2206 | D:4      | Noticed a scorpion
  2211 | D:4      | Killed a scorpion
  2212 | D:4      | Reached XP level 5. HP: 30/30 MP: 7/7
  2254 | D:4      | Noticed a phantom
  2269 | D:4      | Killed a phantom
  2270 | D:4      | Reached skill level 8 in Ranged Weapons
  2270 | D:4      | Reached skill level 1 in Armour
  2532 | D:4      | Reached XP level 6. HP: 22/35 MP: 8/8
  2631 | D:4      | Noticed Blork the orc
  2659 | D:4      | Killed Blork the orc
  2660 | D:4      | Reached skill level 9 in Ranged Weapons
  3554 | D:5      | Entered Level 5 of the Dungeon
  3556 | D:5      | Noticed Edmund
  3652 | D:5      | Found a stormy altar of Qazlal.
  3696 | D:5      | Reached XP level 7. HP: 28/40 MP: 9/9
  3741 | D:5      | Killed Edmund
  3767 | D:5      | Reached skill level 10 in Ranged Weapons
  4565 | D:5      | Found a runed translucent door.
  4566 | D:5      | Noticed Crazy Yiuf
  4863 | D:6      | Noticed Duvessa
  4863 | D:6      | Noticed Dowan
  4927 | D:6      | Found Semu's Assorted Antiques.
  4935 | D:6      | Bought a glowing shortbow for 138 gold pieces
  4980 | D:6      | Noticed Grinder
  4986 | D:6      | Killed Grinder
  4987 | D:6      | Reached skill level 11 in Ranged Weapons
  4987 | D:6      | Reached XP level 8. HP: 47/48 MP: 10/10
  5020 | D:6      | Noticed Maggie
  5031 | D:6      | Killed Maggie
  5397 | D:6      | Killed Duvessa
  5398 | D:6      | Reached skill level 1 in Maces & Flails
  5398 | D:6      | Killed Dowan
  5423 | D:6      | Reached skill level 12 in Ranged Weapons
  5459 | D:6      | Noticed hatwer's ghost (novice HuRe)
  5462 | D:6      | Found a transporter.
  5522 | D:6      | Found a transporter.
  5715 | D:6      | Noticed Menkaure
  5719 | D:6      | Killed Menkaure
  5720 | D:6      | Reached XP level 9. HP: 52/52 MP: 11/11
  5830 | D:6      | Found a glowing golden altar of the Shining One.
  6125 | D:7      | Found a staircase to the Ecumenical Temple.
  6133 | D:7      | Noticed Prince Ribbit
  6149 | D:7      | Killed Prince Ribbit
  6150 | D:7      | Reached skill level 13 in Ranged Weapons
  6157 | Temple   | Entered the Ecumenical Temple
  6171 | Temple   | Became a worshipper of Fedhas Madash
  6327 | D:7      | Reached skill level 5 in Fighting
  6393 | D:7      | Reached skill level 1 in Invocations
  6502 | D:7      | Reached skill level 14 in Ranged Weapons
  6835 | D:7      | Reached * piety under Fedhas
  7381 | D:8      | Found a burning altar of Makhleb.
  7388 | D:8      | Found an opulent altar of Gozag.
  8196 | D:9      | Noticed a manticore
  8203 | D:9      | Killed a manticore
  8204 | D:9      | Reached skill level 15 in Ranged Weapons
  8204 | D:9      | Reached XP level 10. HP: 60/60 MP: 14/14
  8306 | D:9      | Reached ** piety under Fedhas
  8307 | D:9      | Reached skill level 1 in Throwing
  9013 | D:10     | Entered Level 10 of the Dungeon
  9022 | D:10     | Noticed a two-headed ogre
  9035 | D:10     | Killed a two-headed ogre
  9036 | D:10     | Reached skill level 5 in Dodging
  9036 | D:10     | Reached skill level 1 in Spellcasting
  9116 | D:10     | Found Ulimuoci's Jewellery Emporium.
  9158 | D:10     | Found Uzyborphe's Changing Room.
  9198 | D:10     | Found a flagged portal.
  9209 | Bailey   | Entered a bailey
  9238 | Bailey   | Noticed an orc warlord
  9242 | Bailey   | Acquired a manual of Air Magic
  9279 | Bailey   | Noticed an orc knight
  9333 | Bailey   | Killed an orc knight
  9404 | Bailey   | Found a runed translucent gate.
  9407 | Bailey   | Found a runed translucent gate.
  9409 | Bailey   | Found a runed translucent gate.
  9658 | Bailey   | Killed an orc warlord
  9659 | Bailey   | Reached skill level 5 in Invocations
  9708 | Bailey   | Acquired a +0 longbow of draining
  9887 | D:10     | Reached skill level 16 in Ranged Weapons
  9918 | D:10     | Identified the +0 ring mail "Ceufajue" {rF+ rC+ Str+3}
  9919 | D:10     | Noticed a two-headed ogre
  9930 | D:10     | Killed a two-headed ogre
  9931 | D:10     | Reached XP level 11. HP: 67/67 MP: 17/19
 10044 | D:10     | Noticed a two-headed ogre
 10056 | D:10     | Killed a two-headed ogre
 10180 | D:10     | Found a runed translucent gate.
 10180 | D:10     | Found a runed translucent gate.
 10180 | D:10     | Found a runed translucent gate.
 10181 | D:10     | Noticed LionelHutz's ghost (journeyman DjCj)
 10726 | D:11     | Noticed Sonja
 10736 | D:11     | Killed Sonja
 10737 | D:11     | Reached skill level 5 in Spellcasting
 10856 | D:11     | Noticed Amaemon
 10877 | D:11     | Killed Amaemon
 11003 | D:11     | Found a staircase to the Lair.
 11310 | D:12     | Found a runed translucent door.
 11358 | D:12     | Found a sparkling altar of Nemelex Xobeh.
 11423 | D:12     | Noticed cowcow's ghost (journeyman DrEE)
 11537 | D:12     | Noticed a boulder beetle
 11564 | D:12     | Killed a boulder beetle
 11586 | D:12     | Found a staircase to the Orcish Mines.
 11792 | D:11     | Reached skill level 17 in Ranged Weapons
 12319 | D:12     | Noticed a boulder beetle
 12320 | D:12     | Noticed a deep elf pyromancer
 12638 | D:12     | Killed a boulder beetle
 12682 | D:12     | Killed a deep elf pyromancer
 13259 | D:13     | Reached *** piety under Fedhas
 13260 | D:13     | Reached XP level 12. HP: 59/75 MP: 24/24
 13801 | D:13     | Noticed a six-headed hydra
 13832 | D:13     | Identified the ring of Agnosticism {rPois rC- Str+6 SInv}
 14617 | D:13     | Killed a six-headed hydra
 14746 | D:13     | Noticed a two-headed ogre
 14751 | D:13     | Killed a two-headed ogre
 14993 | D:14     | Noticed a centaur warrior
 15000 | D:14     | Killed a centaur warrior
 15180 | D:14     | Reached skill level 18 in Ranged Weapons
 15325 | D:14     | Noticed a five-headed hydra
 15365 | D:14     | Killed a five-headed hydra
 15634 | Orc:1    | Entered Level 1 of the Orcish Mines
 15832 | Orc:2    | Entered Level 2 of the Orcish Mines
 16099 | Orc:2    | Found a staircase to the Elven Halls.
 16292 | Orc:2    | Noticed a two-headed ogre
 16300 | Orc:2    | Killed a two-headed ogre
 16306 | Orc:2    | Noticed a two-headed ogre
 16379 | Orc:1    | Reached XP level 13. HP: 42/82 MP: 28/28
 16625 | Orc:2    | Noticed Urug
 16631 | Orc:2    | Killed Urug
 16632 | Orc:2    | Reached skill level 10 in Fighting
 16632 | Orc:2    | Reached skill level 19 in Ranged Weapons
 17237 | Orc:2    | Found Hyemuv's General Store.
 17242 | Orc:2    | Found Vargh's Book Shoppe.
 17243 | Orc:2    | Found Pomuz's Jewellery Boutique.
 17245 | Orc:2    | Bought a scroll of identify for 30 gold pieces
 17254 | Orc:2    | Found Odeac's Armour Emporium.
 17693 | Orc:1    | Reached skill level 10 in Spellcasting
 17700 | Orc:1    | Reached **** piety under Fedhas
 17924 | Orc:2    | Bought the Codex of the Hornet and the Iceberg for 330 gold
                  | pieces
 17932 | Orc:2    | Learned a level 5 spell: Freezing Cloud
 18079 | Lair:1   | Entered Level 1 of the Lair of Beasts
 18278 | Lair:1   | Reached skill level 1 in Conjurations
 18436 | Lair:1   | Reached skill level 1 in Air Magic
 18472 | Lair:1   | Reached skill level 20 in Ranged Weapons
 18474 | Lair:1   | Reached skill level 1 in Ice Magic
 19056 | Lair:2   | Found a hide-covered altar of Uskayaw.
 19056 | Lair:2   | Found an ornate altar of the Wu Jian Council.
 19129 | Lair:2   | Reached ***** piety under Fedhas
 19264 | Lair:2   | Found a dark tunnel.
 19274 | Volcano  | Entered a volcano
 19597 | Volcano  | Found a radiant altar of Vehumet.
 19842 | Volcano  | Reached XP level 14. HP: 86/88 MP: 30/30
 20348 | Lair:2   | Identified the ring of Jizxoven {rPois rF- rC+ MP+9 Int+7}
 20643 | Lair:2   | Noticed Gastronok
 20670 | Lair:2   | Killed Gastronok
 20741 | Lair:2   | Found a hole to the Spider Nest.
 21064 | Lair:3   | Found an ancient bone altar of Kikubaaqudgha.
 21216 | Lair:3   | Reached skill level 5 in Air Magic
 21309 | Lair:3   | Reached skill level 10 in Invocations
 21817 | Lair:3   | Reached skill level 5 in Conjurations
 21946 | Lair:3   | Found a staircase to the Shoals.
 22246 | Lair:3   | Reached skill level 5 in Ice Magic
 22373 | Lair:4   | Identified the +8 flail "Ecugutedo" {flame, rF+ Int+3}
 22580 | Lair:4   | Reached ****** piety under Fedhas
 22962 | Lair:4   | Found a staircase to the Slime Pits.
 22962 | Lair:4   | Found a viscous altar of Jiyva.
 23634 | Lair:5   | Entered Level 5 of the Lair of Beasts
 23731 | Lair:5   | Found a frozen archway.
 23912 | IceCv    | Entered an ice cave
 23976 | IceCv    | Reached skill level 10 in Dodging
 24112 | IceCv    | Reached XP level 15. HP: 72/95 MP: 31/31
 24517 | IceCv    | Noticed a frost giant
 24536 | IceCv    | Killed a frost giant
 26578 | Lair:5   | Reached skill level 10 in Air Magic
 26817 | Lair:5   | Found a large runed translucent door.
 26818 | Lair:5   | Found a large runed translucent door.
 27838 | D:14     | Found a gate to the Vaults.
 28422 | D:15     | Entered Level 15 of the Dungeon
 28662 | D:15     | Reached XP level 16. HP: 78/101 MP: 32/32
 29138 | D:15     | Found Sirinuji's Antique Armour Boutique.
 29138 | D:15     | Found Goqoff's Distillery.
 29142 | D:15     | Found Yzxoer's General Store.
 29142 | D:15     | Found Hetag's Antique Armour Emporium.
 29146 | D:15     | Bought a runed cloak for 217 gold pieces
 29177 | D:15     | Bought a potion of heal wounds for 60 gold pieces
 29177 | D:15     | Bought a potion of haste for 120 gold pieces
 29830 | D:15     | Found a staircase to the Depths.
 29862 | D:15     | Found a transporter.
 29864 | D:15     | Identified the +5 giant club of Bequeathed Action {freeze,
                  | Int+3}
 30039 | D:15     | Noticed Rupert
 30402 | D:15     | Killed Rupert
 30403 | D:15     | Reached skill level 5 in Armour
 30485 | D:15     | Noticed Kasaulac's ghost (adept OpBr)
 30696 | D:15     | Found a transporter.
 30736 | D:15     | Mangled by an ettin

Illustrated notes

Levels and vault maps discovered:
D:1:      ncdulo_wetmaze, layout_loops_ring, dk_noncrumbling_4, st_stairs_7,
          dk_noncrumbling_2, nrook_mini_backslash
D:2:      kennysheep_six_static_rooms, layout_rooms
D:3:      layout_basic, gammafunk_ghost_icy, dilly_ecumenical_altar_fadedgnrine
D:4:      layout_cave_pods, lightli_corner_chamber, uniq_blork_the_orc
D:5:      layout_rooms, nicolae_qazlal_general_emergency, uniq_edmund,
          uniq_crazy_yiuf_cottage
D:6:      layout_basic, lemuel_round_altar, serial_shops, shop,
          gammafunk_ghost_abyssal_escape, uniq_grinder, uniq_menkaure,
          uniq_duvessa, uniq_maggie
D:7:      layout_basic, minmay_temple_entry_large_hall, serial_bayou_pond_a,
          kennysheep_diamond, uniq_prince_ribbit1
D:8:      layout_loops_cross, mainiacjoe_overflow_big_doors
D:9:      layout_irregular_city
D:10:     layout_big_octagon, ebering_ghost_rock_garden, enter_bailey_3,
          serial_shops, nicolae_shop_stone, nicolae_transmutations_shop,
          grunt_ministairs_15
D:11:     nicolae_hitomezashi [nicolae_hito_row, nicolae_hito_row,
          nicolae_hito_row, nicolae_hito_row, nicolae_hito_row,
          nicolae_hito_row, nicolae_hito_row, nicolae_hito_row,
          nicolae_hito_row, nicolae_hito_row, nicolae_hito_row,
          nicolae_hito_row, nicolae_hito_row, nicolae_hito_row,
          nicolae_hito_row, nicolae_hito_row, nicolae_hito_row,
          nicolae_hito_row], layout_loops_ring, david_lair_shrubbed, uniq_sonja,
          uniq_amaemon
D:12:     layout_grid_maze, orc_0_dummy, ebering_ghost_reflecting_pool,
          nemelex_diamond_rough_becter
D:13:     layout_basic, nicolae_two_hexagons
D:14:     layout_roguey, lightli_vaults_fourway_checkpoint
D:15:     hangedman_depths_entry_civil_slaughter, layout_irregular_city,
          gammafunk_ghost_smash, chequers_big_river, nicolae_wooded_promenade,
          uniq_rupert
Temple:   nicolae_temple_bog_church
Lair:1:   layout_roguey, kennysheep_rathole, grunt_megastairs_3
Lair:2:   wander_river, layout_regular_city, spider_nest_entry_rubble,
          nicolae_volcano_entry_batcave, nzn_masters_of_martial_movement,
          uniq_gastronok
Lair:3:   beast_lair_carwin_large_3, layout_regular_city,
          elwin_shoals_entry_rooms, basic_altar, st_stairs_13, dpeg_oklob_1
Lair:4:   layout_loops_ring, minmay_slime_entry_pillars, wad_woods_06,
          grunt_megastairs_4, infiniplex_staircase_pool_2
Lair:5:   cheibrodos_lair_end_hotspot, layout_gridlike, portal_ice_cave_rime
Orc:1:    layout_caves
Orc:2:    st_orc_open, layout_diamond_mine, basic_altar, minmay_orc_temple_a,
          uniq_urug

Skill      XL: |  1  2  3  4  5  6  7  8  9 10 11 12 13 14 15 16 |
---------------+-------------------------------------------------+-----
Ranged Weapons | 6 7 8 9 11 12 15 16 17 18 20 | 20.0
Fighting       | 2 3 4 5 7 8 9 10 11 12 | 12.1
Armour         | 1 2 3 4 5 |  5.0
Dodging        | 3 4 5 6 7 10 11 | 11.0
Maces & Flails | 1 |  1.2
Invocations    | 3 5 6 8 9 10 | 10.9
Throwing       | 1 |  1.4
Spellcasting   | 4 6 9 10 | 10.0
Conjurations   | 3 6 8 |  8.6
Air Magic      | 3 8 10 | 10.8
Ice Magic      | 2 6 8 |  8.4
Stealth        | |  1.2
Evocations     | |  0.7

Action                     |  1- 3 |  4- 6 |  7- 9 | 10-12 | 13-15 | 16-18 || total
---------------------------+-------+-------+-------+-------+-------+-------++-------
  Melee: Whip              |       |       |    16 |       |       |       ||    16
   Fire: Shortbow          |   111 |   143 |   327 |   627 |       |       ||  1208
         Longbow           |       |       |       |   159 |  1381 |    91 ||  1631
  Throw: Dart              |       |     4 |     7 |    11 |       |       ||    22
         Throwing net      |       |       |     1 |     1 |       |       ||     2
   Cast: Freezing Cloud    |       |       |       |       |     9 |       ||     9
 Invoke: Wall of Briars    |       |       |       |    26 |    29 |     1 ||    56
         Grow Ballistomyce |       |       |       |       |     3 |     1 ||     4
         Grow Oklob        |       |       |       |       |     1 |       ||     1
  Evoke: Wand              |       |       |       |     5 |     4 |       ||     9
    Use: Scroll            |       |       |     9 |    13 |    11 |     3 ||    36
         Potion            |       |       |       |     1 |       |     1 ||     2
 Armour: Leather armour    |     2 |       |       |       |       |       ||     2
         Ring mail         |    23 |    29 |    22 |    78 |   258 |    22 ||   432
         Steam dragon scal |       |       |    14 |    18 |       |       ||    32
  Dodge: Dodged            |    26 |    46 |    68 |   153 |   472 |    46 ||   811

Table legend: (Time is in decaauts)
 A = Elapsed time spent in this place.
 B = Non-inter-level travel time spent in this place.
 C = Inter-level travel time spent in this place.
 D = Time resting spent in this place.
 E = Time spent auto-exploring this place.
 F = Levels seen in this place.
 G = Mean time per level.
                   A        B        C        D        E       F      G
               +--------+--------+--------+--------+--------+-----+--------+
         Total |  30512 |  29013 |   1499 |   6639 |  16127 |  26 | 1173.5 |
       Dungeon |  18313 |  17435 |    878 |   3997 |  10176 |  15 | 1220.9 |
        Temple |     28 |     15 |     13 |      0 |      3 |   1 |   28.0 |
          Lair |   7712 |   7324 |    388 |   1321 |   4497 |   5 | 1542.4 |
  Orcish Mines |   2353 |   2134 |    219 |    725 |    900 |   2 | 1176.5 |
        Bailey |    512 |    512 |      0 |      0 |    239 |   1 |  512.0 |
      Ice Cave |    818 |    818 |      0 |    225 |    265 |   1 |  818.0 |
       Volcano |    773 |    773 |      0 |    370 |     46 |   1 |  773.0 |
               +--------+--------+--------+--------+--------+-----+--------+

Top non-repeatable levels by time:
  Lair:5: 2630 daAuts
    D:14: 2004 daAuts
    D:13: 1997 daAuts
    D:12: 1770 daAuts
     D:4: 1698 daAuts
    D:15: 1510 daAuts
  Lair:4: 1429 daAuts
  Lair:3: 1387 daAuts
   Orc:2: 1360 daAuts
  Lair:2: 1267 daAuts
     D:6: 1237 daAuts
    D:11: 1192 daAuts
     D:7: 1128 daAuts
  Lair:1: 999 daAuts
   Orc:1: 992 daAuts
